[Event "Early-Titled-Tuesday-Blitz-February-06-2024"]
[Site "Chess.com"]
[Date "2024.02.06"]
[Round "8"]
[White "Irishchessman16"]
[Black "AndresDelgado77"]
[Result "1-0"]
[WhiteElo "2502"]
[BlackElo "2356"]
[TimeControl "180+1"]
[EndTime "9:28:55 PST"]
[Termination "Irishchessman16 won on time"]

1. d4 Nf6 2. Bf4 c5 3. dxc5 Na6 4. f3 Nxc5 5. e4 Qb6 6. Nc3 Ne6 7. Bg3 Qxb2 8. Nb5 Qb4+ 9. c3 Qa5 10. Qd2 a6 11. Nd4 Nxd4 12. cxd4 Qxd2+ 13. Kxd2 e6 14. Bd3 Bb4+ 15. Ke3 Ke7 16. Ne2 d6 17. Rhc1 Ba5 18. Rab1 Nd7 19. Bh4+ f6 20. a4 e5 21. Bc4 Bb6 22.
Bd5 Rb8 23. Kd3 exd4 24. Nxd4 Nc5+ 25. Ke2 Nxa4 26. Bf2 Bc5 27. Rc4 Bd7 28. Nf5+ Bxf5 29.
Rxa4 Bd7 30. Ra2 Bb5+ 31. Ke1 Rhc8 32. Bxc5 Rxc5 33. h4 h6 34. h5 b6 35. Kf2 Rbc8 36. Kg3 Rc2 37. Ra3 R8c3 38. Raa1 Rd2 39. Rxb5 axb5 40.
Ra7+ Kd8 41. Rxg7 Rcc2 42. Kh3 b4 43. g3 Rh2+ 44. Kg4 Rhd2 45. Rb7 Rc5 46. Rxb6 1-0

[Event "Early-Titled-Tuesday-Blitz-February-06-2024"]
[Site "Chess.com"]
[Date "2024.02.06"]
[Round "8"]
[White "HelvertHernandez"]
[Black "the_blue_pill"]
[Result "1-0"]
[WhiteElo "1945"]
[BlackElo "2287"]
[TimeControl "180+1"]
[EndTime "9:28:55 PST"]
[Termination "HelvertHernandez won by resignation"]

1. e4 e5 2. Nf3 Nc6 3. d4 exd4 4. Nxd4 Nf6 5. Nc3 Bb4 6. Nxc6 bxc6 7. Bd3 d5 8. exd5 O-O 9. O-O cxd5 10. Bg5 c6 11.
Qf3 Rb8 12. Bxf6 Qxf6 13. Qxf6 gxf6 14. Ne2 Bd6 15. b3 Bd7 16. Ng3 Rfe8 17. Rae1 Bb4 18.
Rxe8+ Rxe8 19. Nh5 Bc3 20. g3 Bh3 21. Rb1 Bg4 22. Nf4 Bf3 23. h3 a5 24. Kh2 h6 25. g4 Kf8 26. Kg3 Be4 27. Bxe4 Rxe4 28.
Kf3 Ke7 29. Rd1 Kd6 30. Nh5 a4 31. Ng3 Re8 32. Nf5+ Kc5 33. Rd3 d4 34. h4 a3 35.
Nxh6 Re1 36. Nf5 Ra1 37. h5 Rxa2 38. h6 Ra1 39. Kg2 a2 40. h7 Rg1+ 41. Kxg1 a1=Q+ 42. Kg2 Qa8 43. Rh3 Qh8 44. Kf3 d3 45. cxd3 Kb4 46.
Ke4 Kxb3 47. d4 Kb4 48. Kd3 Be1 49. Nd6 c5 50. Nxf7 c4+ 51. Ke2 Qe8+ 52. Kf1 Bxf2 53. Kxf2 Qe4 54. h8=Q Qf4+ 55. Kg2 Qd2+ 56. Kg3 Qe3+ 57.
Kh4 Qe1+ 58. Kh5 Qe3 1-0

[Event "Early-Titled-Tuesday-Blitz-February-06-2024"]
[Site "Chess.com"]
[Date "2024.02.06"]
[Round "8"]
[White "APOKALIPSA13"]
[Black "Jojo_898"]
[Result "0-1"]
[WhiteElo "2220"]
[BlackElo "2454"]
[TimeControl "180+1"]
[EndTime "9:28:56 PST"]
[Termination "Jojo_898 won by resignation"]

1. e4 d6 2. d4 Nf6 3. Nc3 g6 4. f4 c6 5. Be2 b5 6. Bf3 b4 7.
Nce2 Bg7 8. c4 bxc3 9. bxc3 O-O 10.
h3 e5 11. g4 Nbd7 12. g5 Ne8 13. f5 f6 14. h4 gxf5 15. Qb3+ Kh8 16. exf5 Qb6 17.
Qc2 exd4 18. Nxd4 Ne5 19. Be2 c5 20. Rb1 Qc7 21. Ne6 Bxe6 22. fxe6 Qe7 23. h5 fxg5 24.
h6 Bf6 25. Nf3 Qxe6 26. Nxg5 Bxg5 27. Bxg5 Nf3+ 28. Kd1 Nxg5 29. Rb7 Qe4 30. Qxe4 Nxe4 31. Kc2 N8f6 32. Rf1 Ng3 33. Rf2 Nxe2 34. Rxe2 Rae8 35. Rg2 Rg8 36. Rf2 Rg6 37. Rxa7 Rxh6 38. Rf7 Ne4 39. Rg2 Rg6 40. Rh2 h6 41. a4 Kg8 42.
Rd7 Ra8 43. Kb3 Rb8+ 44. Kc4 Ra8 45. Ra2 Rg3 46. a5 Rxc3+ 47. Kd5 Nf6+ 48. Kxd6 Nxd7 49. Kxd7 Rb3 50. a6 Ra7+ 51. Kc6 c4 52. Kd5 c3 53. Kc4 Rb2 54. Ra1 c2 55. Rg1+ Kh7 56. Kc3 Rb1 0-1

[Event "Early-Titled-Tuesday-Blitz-February-06-2024"]
[Site "Chess.com"]
[Date "2024.02.06"]
[Round "8"]
[White "Al_Shima"]
[Black "ChessLebaneseSalah"]
[Result "1-0"]
[WhiteElo "2344"]
[BlackElo "2436"]
[TimeControl "180+1"]
[EndTime "9:28:56 PST"]
[Termination "Al_Shima won by resignation"]

1. d4 d5 2. Nc3 Nf6 3. Bf4 c6 4. e3 Bf5 5. f3 h5 6. Bd3 Bxd3 7.
Qxd3 Nbd7 8. Nge2 Qb6 9. e4 h4 10. e5 Ng8 11. e6 Ndf6 12. exf7+ Kxf7 13. Be5 e6 14. Nf4 Ne7 15. O-O-O g5 16. Bxf6 Kxf6 17. Qe3 gxf4 18. Qe5+ Kf7 19. Qxh8 Ng6 20. Qh5 Bb4 21. Ne2 Rh8 22. Qg4 Bd6 23. Rhe1 Qa6 24. Nc3 Re8 25. Re2 Bb4 26. Rde1 c5 27. dxc5 d4 28. Ne4 Qxa2 29.
Nd6+ Kg7 30. Nxe8+ Kf8 31. c3 dxc3 32. Qxg6 cxb2+ 33. Rxb2 Qa1+ 34. Qb1 Qa3 35. Re4 Bc3 36. Qc2 Qa1+ 37.
Qb1 Bxb2+ 38. Kc2 Qxb1+ 39. Kxb1 Bh8 40. Nd6 Ke7 41. Nxb7 e5 42. Na5 Kd7 43. c6+ Kc7 44.
Kc2 Bf6 45. Kb3 Kb6 46. Nc4+ Kxc6 47. Nxe5+ Kd5 48. Nd3 Bg5 49. Nxf4+ Kc5 50. Nd3+ Kd5 51. Re5+ Kd4 52. Rxg5 Kxd3 53. Rg4 h3 54. gxh3 Ke3 55. h4 Kxf3 56. Rg8 Kf4 57. h5 Ke4 58. h6 a5 59. h7 a4+ 60. Kxa4 1-0

[Event "Early-Titled-Tuesday-Blitz-February-06-2024"]
[Site "Chess.com"]
[Date "2024.02.06"]
[Round "8"]
[White "JonasEilenberg"]
[Black "ChEsper99"]
[Result "1-0"]
[WhiteElo "2533"]
[BlackElo "2229"]
[TimeControl "180+1"]
[EndTime "9:28:57 PST"]
[Termination "JonasEilenberg won on time"]

1. e4 c5 2. Nf3 d6 3. Bb5+ Bd7 4. c4 a6 5. Bxd7+ Qxd7 6. Nc3 Nc6 7.
d4 cxd4 8. Nxd4 g6 9. Nxc6 bxc6 10. Qd4 Nf6 11. Bg5 Bg7 12. O-O O-O 13. Qd2 Qe6 14. Qe2 Rab8 15. Rac1 h6 16. Bh4 Rb4 17. b3 Rb7 18. f3 Qe5 19. Bg3 Qc5+ 20. Bf2 Qa5 21.
Rfd1 Nd7 22. Be1 Qb6+ 23. Bf2 Qa5 24. Be1 Qb6+ 25. Kh1 Nc5 26. Qc2 f5 27. exf5 Rxf5 28. Bf2 Qa5 29. Ne2 Ne6 30. Ng3 Rf6 31. Re1 Qd8 32. Ne4 Rf5 33. Ng3 Rf6 34. Qd3 Nf4 35. Qd2 Qf8 36. Bd4 Re6 37. Be3 Be5 38. Ne4 Qf5 39. Ng3 Qf6 40. Bxf4 Bxf4 41. Rxe6 Bxd2 42. Rxf6 exf6 43. Rd1 Bc3 44. Ne4 d5 45. Nxc3 dxc4 46. bxc4 Rb2 47. h4 Rc2 48. Ne4 Rxc4 49. Nxf6+ Kf7 50. Ne4 Rc2 51. Rd7+ Ke6 52. Rd6+ Ke5 53. Rxg6 Rxa2 54. Rxc6 a5 55. Rxh6 a4 56. Ra6 a3 57.
Kh2 Kf4 58. h5 1-0

[Event "Early-Titled-Tuesday-Blitz-February-06-2024"]
[Site "Chess.com"]
[Date "2024.02.06"]
[Round "8"]
[White "Kaissa10"]
[Black "PapaieDudu"]
[Result "1/2-1/2"]
[WhiteElo "2304"]
[BlackElo "2414"]
[TimeControl "180+1"]
[EndTime "9:28:57 PST"]
[Termination "Game drawn by repetition"]

1. e4 c5 2. Nf3 d6 3. Bb5+ Nd7 4. d4 cxd4 5. Qxd4 a6 6. Bxd7+ Bxd7 7. O-O Nf6 8. c4 Bc6 9. Nc3 e6 10. Bg5 Be7 11. Rfd1 O-O 12. h3 h6 13. Be3 b5 14. cxb5 axb5 15. a3 Qc7 16. Rac1 Qb7 17. Nd2 Rfd8 18. f3 Ra6 19. Nb3 Rd7 20. Na2 Bd8 21. Kh1 Bb6 22. Qc3 Bxe3 23. Qxe3 Ne8 24.
Nb4 Qa8 25. Nxa6 Qxa6 26. Qc3 Bb7 27. Qa5 Qxa5 28. Nxa5 Ba8 29. Rc8 Ra7 30. Rxe8+ Kh7 31. Nb3 f5 32. exf5 exf5 33. Rxd6 Rb7 34. Rxa8 Rc7 35. Rdd8 Rc2 36. Nd4 Rxb2 37. Nxf5 Kg6 38. Nd6 Kg5 39. Ne4+ Kf4 40. Ra7 g5 41. Rf7+ Ke3 42.
Re8 Rb1+ 43. Kh2 Rb2 44. Nxg5+ Kf2 45. Ne4+ Kf1 46. Rc7 Rxg2+ 47. Kh1 Rg1+ 48. Kh2 Rg2+ 49. Kh1 Rg1+ 50. Kh2 Rg2+ 1/2-1/2

[Event "Early-Titled-Tuesday-Blitz-February-06-2024"]
[Site "Chess.com"]
[Date "2024.02.06"]
[Round "8"]
[White "baki83"]
[Black "wyharga"]
[Result "1-0"]
[WhiteElo "2809"]
[BlackElo "2577"]
[TimeControl "180+1"]
[EndTime "9:28:58 PST"]
[Termination "baki83 won on time"]

1. e4 c5 2. Nf3 e6 3. c3 Nf6 4. e5 Nd5 5. a3 d6 6. d4 cxd4 7. c4 Nb6 8. exd6 Qxd6 9. Qxd4 Nc6 10.
Qxd6 Bxd6 11. Be3 Nd7 12. Nc3 O-O 13. O-O-O Be7 14. Be2 Nf6 15. h3 b6 16. g4 Bb7 17. g5 Nh5 18. Rd7 Rab8 19. Rhd1 g6 20. b4 Rfc8 21. Kb2 Bf8 22. Nb5 a5 23. bxa5 Nxa5 24.
Ne5 Bg7 25. Bd4 Nc6 26. Rxb7 Nxd4 27. Rxb8 Rxb8 28. Nxd4 Bxe5 29. Bxh5 gxh5 30. Kc2 Rc8 31. Nf3 Rxc4+ 32. Kd3 Rc5 33. Rb1 b5 34. h4 Kg7 35.
Ke4 Bd6 36. Nd4 Rc4 37. Kd3 Ra4 38. Nxb5 Be7 39. Ra1 Rxh4 40. a4 Bc5 41. f3 Rf4 42. Ke2 Rf5 43. a5 Rxg5 44. a6 Bb6 45. a7 Bxa7 46.
Nxa7 h4 47. Kf2 Kg6 48. Nc6 f6 49. Nd4 Re5 50. Ne2 1-0

[Event "Early-Titled-Tuesday-Blitz-February-06-2024"]
[Site "Chess.com"]
[Date "2024.02.06"]
[Round "8"]
[White "scarabee43"]
[Black "FREDERICKtheMATE"]
[Result "0-1"]
[WhiteElo "2856"]
[BlackElo "2671"]
[TimeControl "180+1"]
[EndTime "9:28:59 PST"]
[Termination "FREDERICKtheMATE won by checkmate"]

1. Nf3 Nf6 2. c4 c5 3. Nc3 g6 4. b3 Bg7 5. Bb2 O-O 6. g3 b6 7. Bg2 Bb7 8. O-O Nc6 9. d4 Nxd4 10. Nxd4 Bxg2 11. Kxg2 cxd4 12. Qxd4 d5 13. Nxd5 Nh5 14. Qh4 Bxb2 15. Rad1 Qb8 16. Nxe7+ Kh8 17. Rd7 Qe5 18. e3 Qe6 19. Qh3 Qxh3+ 20. Kxh3 Nf6 21. Rb7 Rfb8 22. Rxb8+ Rxb8 23. Nc6 Rb7 24. Rb1 Bc3 25.
Rc1 Ne4 26. f3 Bd2 27. Rc2 Ng5+ 28. Kg2 Bxe3 29. Re2 Bc5 30. Re8+ Kg7 31. b4 Bf8 32. f4 Ne6 33. Ra8 a5 34. bxa5 bxa5 35. Rxa5 Rb2+ 36. Kh3 Bc5 37. Ne5 Bg1 38. Nf3 Bb6 39. Rd5 Rxa2 40. f5 gxf5 41. Rxf5 Rf2 42. Kg4 Nd4 43. Rg5+ Kf8 44.
Ne5 f5+ 45. Kh3 Bc7 46. Nd7+ Kf7 47. Rh5 Kg6 48. Nf8+ Kxh5 49. Nxh7 Nf3 50. Nf6+ Kg6 51. Nd5 Rxh2# 0-1

[Event "Early-Titled-Tuesday-Blitz-February-06-2024"]
[Site "Chess.com"]
[Date "2024.02.06"]
[Round "8"]
[White "DinaBelenkaya"]
[Black "Karttunen"]
[Result "0-1"]
[WhiteElo "2427"]
[BlackElo "2673"]
[TimeControl "180+1"]
[EndTime "9:29:00 PST"]
[Termination "Karttunen won by checkmate"]

1. Nf3 Nf6 2. g3 d5 3. Bg2 c5 4. d3 Nc6 5. Nbd2 e5 6. e4 d4 7. Nc4 Nd7 8. a4 Be7 9. h4 f6 10. h5 Nb6 11. b3 Nxc4 12. bxc4 Be6 13. Nh4 Qd7 14. Rb1 Nd8 15. Bf3 Nf7 16. Nf5 Bf8 17.
g4 g6 18. hxg6 hxg6 19. Rxh8 Nxh8 20. a5 Qh7 21. c3 Bd7 22. Rxb7 gxf5 23. exf5 Rd8 24.
Qb3 Qh3 25. Ke2 e4 26. dxe4 d3+ 27. Kxd3 Qxf3+ 28. Kc2 Qxe4+ 29. Kb2 Nf7 30. Be3 Nd6 31. Rxa7 Nxc4+ 32. Ka2 Bc6 33. a6 Qd5 34. g5 Nxe3 35.
fxe3 Qxb3+ 36. Kxb3 fxg5 37. f6 Bd5+ 38. c4 Bf7 39. Rc7 Ra8 40. a7 Bd6 41. Rb7 g4 42. Kc3 g3 43. e4 g2 44. Rb1 Rxa7 45. Rg1 Ra2 46. Kb3 Rf2 47. Kc3 Bh2 48. e5 Bxe5+ 49. Kd3 Bd4 50. Rxg2 Rxg2 51. Ke4 Bxc4 52. Kf4 Rf2+ 53.
Ke4 Re2+ 54. Kf4 Kf7 55. Kf3 Re6 56. Kf4 Kxf6 57. Kf3 Re5 58. Kf4 Bd5 59. Kg3 Rf5 60. Kg4 Ke5 61. Kg3 Rg5+ 62. Kh4 Kf4 63. Kh3 Rg8 64. Kh2 Kf3 65. Kh3 Rh8# 0-1

[Event "Early-Titled-Tuesday-Blitz-February-06-2024"]
[Site "Chess.com"]
[Date "2024.02.06"]
[Round "8"]
[White "Quattroporte300"]
[Black "NM_Antelacus"]
[Result "1-0"]
[WhiteElo "2379"]
[BlackElo "2224"]
[TimeControl "180+1"]
[EndTime "9:29:00 PST"]
[Termination "Quattroporte300 won by resignation"]

1. e4 c5 2. c3 d5 3. exd5 Qxd5 4. d4 Nc6 5. Nf3 Bg4 6. Be2 cxd4 7. cxd4 e6 8. O-O Nf6 9. Nc3 Qd6 10. Nb5 Qd8 11. Bf4 Nd5 12. Bg3 a6 13. Nc3 Be7 14. h3 Bh5 15. Rc1 O-O 16. Re1 Rc8 17. Qd2 b5 18.
Ne5 Bxe2 19. Rxe2 Nxe5 20. Bxe5 Nxc3 21. bxc3 Qd5 22. Qd3 Rc4 23. Re4 Rfc8 24. Rg4 Bf8 25. Qg3 g6 26. h4 Bg7 27. Bxg7 Kxg7 28. h5 Qxh5 29. Rg5 Qe2 30. Re5 Qd2 31. Rce1 Rxc3 32. Qh4 Rc1 33. Rxc1 Rxc1+ 34. Kh2 Rc4 35. Rxe6 Qxd4 36.
Qxd4+ Rxd4 37. Rxa6 Rd2 38. Kg3 h5 39. f4 Rb2 40. Kf3 f6 41. Ra7+ Kh6 42. Ra6 Kg7 43. Ra7+ Kf8 44. g3 Kg8 45. Ke4 Rg2 46. Kd5 Rxg3 47.
Ke6 g5 48. f5 h4 49. Kxf6 h3 50. Kg6 Kf8 51. f6 Ke8 52. f7+ Kf8 53. Ra8+ Ke7 54.
f8=Q+ Ke6 55. Re8+ Kd5 56. Qf5+ Kc4 57. Re4+ Kc3 58.
Qe5+ 1-0

[Event "Early-Titled-Tuesday-Blitz-February-06-2024"]
[Site "Chess.com"]
[Date "2024.02.06"]
[Round "8"]
[White "JaackCamel"]
[Black "Irina_Mikhaylova"]
[Result "1-0"]
[WhiteElo "2175"]
[BlackElo "2309"]
[TimeControl "180+1"]
[EndTime "9:29:00 PST"]
[Termination "JaackCamel won by resignation"]

1. d4 Nf6 2. c4 g6 3. Nc3 d5 4. cxd5 Nxd5 5. e4 Nxc3 6. bxc3 Bg7 7. Nf3 c5 8. Be3 O-O 9. Be2 cxd4 10. cxd4 Nc6 11.
O-O Bg4 12. d5 Bxf3 13. Bxf3 Na5 14. Rc1 b6 15. Qe2 Rc8 16. Rfd1 Qd6 17. Bg4 Rxc1 18. Bxc1 f5 19. exf5 gxf5 20. Bf3 Rc8 21. h3 Nc4 22. Bf4 Be5 23. Bg5 Bf6 24. Bf4 Be5 25. Bg5 Bf6 26. Bxf6 Qxf6 27. a4 Nd6 28. Qa6 Rc7 29. Qd3 Rc3 30. Qd2 Nc4 31. Qf4 Nd6 32. Re1 Rc4 33. Qe3 Kf8 34. Qb3 Rc7 35. Re6 Qf7 36. Qb2 Qg7 37. Qe2 Rc1+ 38. Kh2 Rc7 39. Qa2 Ne8 40. Qe2 Nd6 41. Qd3 Qf7 42. Qe3 Qg7 43. Qf4 Qf7 44. Qg5 Qg7 45. Qh4 Qf7 46. Qh6+ Qg7 47.
Qd2 Qf7 48. a5 bxa5 49. Qxa5 Rc8 50. Qxa7 Rd8 51. Qc7 Re8 52. Qc2 Rd8 53. Qe2 Nc8 54. Qe5 Nd6 55. Qf4 Qg7 56. Qe3 Qf7 57. Qb6 Re8 58. Qc7 Qg7 59. Qd7 Rc8 60. Rxd6 Re8 61. Re6 Qf7 62. Qc6 Qg7 63. Qc2 1-0

[Event "Early-Titled-Tuesday-Blitz-February-06-2024"]
[Site "Chess.com"]
[Date "2024.02.06"]
[Round "8"]
[White "Adar_07"]
[Black "xberli"]
[Result "1-0"]
[WhiteElo "2725"]
[BlackElo "2563"]
[TimeControl "180+1"]
[EndTime "9:29:01 PST"]
[Termination "Adar_07 won on time"]

1. e4 e5 2. Nf3 Nc6 3. Bb5 Nge7 4. O-O g6 5. c3 a6 6. Ba4 Bg7 7. d4 exd4 8. cxd4 b5 9. Bb3 O-O 10. Bg5 h6 11. Bh4 Na5 12. Nc3 Nxb3 13. axb3 Bb7 14. d5 d6 15. Re1 g5 16. Bg3 Ng6 17. Nd4 Qf6 18. Nf5 Rfe8 19. Qh5 b4 20. Na4 Kh7 21. Rac1 Rac8 22. h4 gxh4 23. Bxh4 Nxh4 24. Nxh4 Re5 25. Nf5 Bxd5 26. Nb6 cxb6 27. Rxc8 Bxe4 28. Nxg7 Rxh5 29. Nxh5 Qf5 30. Rc7 Bxg2 31. Ng3 Qh3 32. Rxf7+ Kg6 33. Ree7 Bd5 34. Rg7+ Kf6 35. f3 Qc8 36. Nh5+ Kf5 37. Kg2 Bxf3+ 38. Kxf3 Qc6+ 39. Kg3 Qc1 40. Ref7+ Ke5 41.
Nf4 Qg1+ 42. Ng2 Qb1 43. Re7+ Kf6 44. Rgf7+ Kg6 45. Nf4+ Kg5 46. Rg7+ Kf6 47. Rgf7+ Kg5 48. Nh3+ Kh5 49. Rg7 1-0

[Event "Early-Titled-Tuesday-Blitz-February-06-2024"]
[Site "Chess.com"]
[Date "2024.02.06"]
[Round "8"]
[White "Gabrielian_Artur"]
[Black "bulletteemo"]
[Result "1-0"]
[WhiteElo "2756"]
[BlackElo "2545"]
[TimeControl "180+1"]
[EndTime "9:29:02 PST"]
[Termination "Gabrielian_Artur won on time"]

1. e4 c5 2. a4 Nc6 3. Bb5 g6 4. Bxc6 bxc6 5. d3 Bg7 6. Nc3 e5 7. Be3 d6 8. Qd2 h6 9. f4 Rb8 10. Rb1 Qa5 11. Nge2 Bg4 12. O-O Ne7 13. h3 Bxe2 14.
Qxe2 exf4 15. Bxf4 Qc7 16. Nd1 O-O 17. Ne3 Qd7 18.
Nc4 Nc8 19. Qg4 Qxg4 20. hxg4 Rd8 21. b3 Rb7 22. Rbe1 Rbd7 23. e5 d5 24. Na5 g5 25.
Bg3 Re8 26. Nxc6 Re6 27. Na5 Ne7 28. c4 Ng6 29. cxd5 Rxd5 30. Nc4 Rxd3 31. Rf3 Rd5 32. Ne3 Rd3 33. Nf5 Rd5 34. Nxg7 Kxg7 35. Re4 Nxe5 36.
Rf5 Rd1+ 37. Kh2 Nd7 38. Rxe6 fxe6 39. Rf3 Rd4 40. Bf2 Rxg4 41. Rd3 Ne5 42. Re3 Ng6 43. Rxe6 Nf4 44. Re7+ Kf6 45. Bxc5 Rxg2+ 46. Kh1 Rc2 47. Rc7 Kf5 48. b4 g4 49. Rf7+ Ke4 50. Re7+ Kf3 51. Re3+ Kf2 52. Rc3+ 1-0

[Event "Early-Titled-Tuesday-Blitz-February-06-2024"]
[Site "Chess.com"]
[Date "2024.02.06"]
[Round "8"]
[White "unclear15"]
[Black "viktorskliarov"]
[Result "1-0"]
[WhiteElo "2435"]
[BlackElo "2620"]
[TimeControl "180+1"]
[EndTime "9:29:02 PST"]
[Termination "unclear15 won by resignation"]

1. b3 Nf6 2. Bb2 g6 3. g3 Bg7 4.
Bg2 O-O 5. e3 c5 6. Ne2 Nc6 7.
O-O d6 8. d4 cxd4 9. Nxd4 Bd7 10. c4 Rc8 11. Nc3 a6 12. Nxc6 Bxc6 13. Bxc6 bxc6 14. Na4 c5 15. Qe2 h5 16. Rad1 Qc7 17. e4 Ng4 18. Bxg7 Kxg7 19. f4 Qc6 20. h3 Nh6 21. Nc3 Rcd8 22. g4 hxg4 23. hxg4 f6 24. Nd5 e6 25. g5 exd5 26. gxh6+ Kxh6 27. Rxd5 Rh8 28. Rf2 Kg7 29. Qg4 Qd7 30. f5 g5 31.
e5 Qf7 32. Rxd6 Rxd6 33. exd6 Rh4 34. Qg3 Rd4 35. Rh2 Qd7 36. Qh3 Rd1+ 37. Kf2 Rd2+ 38.
Ke1 Rxh2 39. Qxh2 Qxf5 40. Qd2 Qd7 41. Qd5 g4 42. Qxc5 f5 43. Qe5+ Kf7 44. c5 Qe6 45. Qxe6+ Kxe6 46. b4 f4 47. a4 g3 48. Ke2 Kd7 49.
Kf3 Kc6 50. b5+ axb5 51. axb5+ Kd7 52. Kg2 Kc8 53. c6 Kd8 54. b6 Ke8 55. b7 1-0

[Event "Early-Titled-Tuesday-Blitz-February-06-2024"]
[Site "Chess.com"]
[Date "2024.02.06"]
[Round "8"]
[White "alexrustemov"]
[Black "ama18"]
[Result "0-1"]
[WhiteElo "2735"]
[BlackElo "2553"]
[TimeControl "180+1"]
[EndTime "9:29:05 PST"]
[Termination "ama18 won on time"]

1. d4 Nf6 2. c4 e6 3. Nf3 b6 4. a3 Bb7 5. Nc3 d5 6. Bg5 Be7 7. Bxf6 Bxf6 8. cxd5 exd5 9. Qa4+ c6 10.
g3 O-O 11. Bg2 c5 12. O-O Nc6 13. dxc5 bxc5 14. Rfd1 Ne7 15. Ne1 Qb6 16. Nxd5 Nxd5 17. Bxd5 Bxd5 18. Rxd5 Qxb2 19. Rad1 Qxe2 20. Rxc5 g6 21.
Qc2 Rfe8 22. Qxe2 Rxe2 23. Nf3 Ra2 24. Ra5 Bd8 25. Ra6 Bb6 26. Rd2 Rxd2 27. Nxd2 Rc8 28. Nf1 Rc3 29. Ne3 Bc5 30. a4 Rd3 31. Kf1 Rd2 32. h3 Ra2 33. Ke1 Kf8 34. Kf1 Ke7 35. Ra5 Bd4 36. Ra6 Kd7 37. Ra5 Kc7 38. Rd5 Bb6 39.
Re5 Kd7 40. Re4 Ra3 41. Nc4 Ra1+ 42. Kg2 Bc5 43. Re5 Bf8 44. Rd5+ Kc6 45. Ra5 Bc5 46. Ne3 Ra2 0-1

[Event "Early-Titled-Tuesday-Blitz-February-06-2024"]
[Site "Chess.com"]
[Date "2024.02.06"]
[Round "8"]
[White "SnekkerAndersen"]
[Black "Smiechu"]
[Result "1-0"]
[WhiteElo "2641"]
[BlackElo "2447"]
[TimeControl "180+1"]
[EndTime "9:29:05 PST"]
[Termination "SnekkerAndersen won on time"]

1. d4 Nf6 2. c4 c5 3. d5 e6 4. Nc3 exd5 5. cxd5 d6 6. Nf3 g6 7. Nd2 Nbd7 8. e4 Bg7 9. Be2 O-O 10. O-O Re8 11. Re1 a6 12. a4 Ne5 13. Ra3 g5 14. Nf1 Rb8 15. Bxg5 Bd7 16. f4 Ng6 17. Ng3 h6 18.
Bxf6 Qxf6 19. Nh5 Qd4+ 20. Kh1 b5 21. Nxg7 Qxg7 22. axb5 axb5 23. Ra7 b4 24. Rxd7 bxc3 25. bxc3 Nxf4 26. Bf1 Rb2 27. Qf3 Qe5 28. g3 Qh5 29. Qxh5 Nxh5 30. Rxd6 Kg7 31. e5 Rd2 32. e6 fxe6 33.
Rdxe6 Rf8 34. Re7+ Kg6 35. Bg2 Rff2 36. R7e6+ Nf6 37. Be4+ Kg5 38. Re5+ Kg4 39. Kg1 Rxh2 40. Bh1 Kxg3 41. R5e3+ Kh4 42. c4 Ng4 43. Re4 Kg5 44. d6 Rxh1+ 45. Kxh1 Nf2+ 46. Kg1 Nxe4 47. Rxe4 Kf5 48.
Rh4 Rxd6 49. Rh5+ Ke4 50. Rxc5 Kd4 51. Rc8 1-0

[Event "Early-Titled-Tuesday-Blitz-February-06-2024"]
[Site "Chess.com"]
[Date "2024.02.06"]
[Round "8"]
[White "BeautiFullMindChess"]
[Black "Balla_Tamas"]
[Result "1-0"]
[WhiteElo "2297"]
[BlackElo "2399"]
[TimeControl "180+1"]
[EndTime "9:29:05 PST"]
[Termination "BeautiFullMindChess won by resignation"]

1. e4 c5 2. c3 Nf6 3. e5 Nd5 4.
d4 cxd4 5. Nf3 Nc6 6. cxd4 d6 7. Bc4 dxe5 8. dxe5 Be6 9. O-O g6 10. Qe2 Bg7 11.
Rd1 O-O 12. Qe4 Nf6 13. Qe1 Nd7 14. Bxe6 fxe6 15. Ng5 Ncxe5 16. Nxe6 Qb6 17. Nxf8 Rxf8 18. Be3 Qxb2 19. Nd2 Nd3 20. Qe2 N7e5 21. h3 Qa3 22. Ne4 Kh8 23. Bd4 Nf4 24. Qe1 Nxg2 25. Bxe5 Nxe1 26. Bxg7+ Kxg7 27. Rxe1 Qf3 28. Re3 Qf5 29. Rae1 e5 30. R1e2 Rd8 31. Kg2 Rd4 32. Ng3 Qd7 33. Rxe5 Qc6+ 34. Kh2 Rf4 35. Re7+ Rf7 36. R7e3 a6 37.
Re6 Qc5 38. R6e5 Rxf2+ 39. Kg1 Rxe2+ 40. Rxc5 Rxa2 41. Rc7+ Kh6 42. Rxb7 a5 43. h4 Ra3 44. Kg2 a4 45. Kh3 Rb3 46. Ra7 a3 47. Kg4 Rb4+ 48. Kh3 Rb3 49. Kg4 Rc3 50. Ra6 Rc4+ 51. Kh3 Rc3 52. Kg4 Kg7 53. Ra7+ Kf6 54. Ne4+ 1-0

[Event "Early-Titled-Tuesday-Blitz-February-06-2024"]
[Site "Chess.com"]
[Date "2024.02.06"]
[Round "8"]
[White "Som2310"]
[Black "Fandorine"]
[Result "1/2-1/2"]
[WhiteElo "2809"]
[BlackElo "2963"]
[TimeControl "180+1"]
[EndTime "9:29:06 PST"]
[Termination "Game drawn by repetition"]

1. e4 e5 2. Nf3 Nc6 3. d4 exd4 4.
Nxd4 Qf6 5. Be3 Bc5 6. c3 Nge7 7. Nc2 b6 8. Nd2 Bb7 9. Bxc5 bxc5 10. Ne3 Ne5 11.
g3 g5 12. Be2 O-O-O 13. Qa4 Kb8 14. Rf1 d5 15. exd5 Nxd5 16. Nxd5 Rxd5 17. O-O-O Nd3+ 18. Bxd3 Rxd3 19. Nb3 Rxd1+ 20. Rxd1 Qxf2 21. Qd7 a6 22. Qd2 Qxd2+ 23. Rxd2 c4 24. Na5 Bc8 25. Nxc4 Be6 26. Na5 h5 27. Rd4 c5 28. Rd6 h4 29. Rb6+ Kc7 30.
Rc6+ Kd7 31. Rxc5 hxg3 32. hxg3 Rh1+ 33. Kc2 Rh2+ 34. Kd3 f6 35. b4 Rh3 36. a4 Rxg3+ 37. Kd4 Rg4+ 38. Kd3 Rf4 39. Nc6 g4 40. Nd4 g3 41. Rc7+ Kd6 42. Rg7 Bg4 43. Ke3 g2 44.
Kxf4 g1=Q 45. Rxg4 Qc1+ 46. Ke4 Qxc3 47. Rf4 Qe1+ 48. Kd3 Qd1+ 49. Ke3 Qc1+ 50. Ke4 Qh1+ 51. Ke3 Qg1+ 52. Ke4 Qe1+ 53. Kd3 Qb1+ 54. Ke3 Ke7 55. b5 Qe1+ 56. Kd3 axb5 57. axb5 Qd1+ 58. Ke3 Qe1+ 59. Kd3 Qb1+ 60. Ke3 Qc1+ 61. Ke4 Qb1+ 62. Ke3 Qe1+ 63.
Kd3 1/2-1/2

[Event "Early-Titled-Tuesday-Blitz-February-06-2024"]
[Site "Chess.com"]
[Date "2024.02.06"]
[Round "8"]
[White "DeArron_Fox"]
[Black "Paladin61"]
[Result "1-0"]
[WhiteElo "2514"]
[BlackElo "2656"]
[TimeControl "180+1"]
[EndTime "9:29:06 PST"]
[Termination "DeArron_Fox won by checkmate"]

1. d4 d5 2. c4 e6 3. Nc3 h6 4. Nf3 Nf6 5. Bf4 Bd6 6. Bxd6 Qxd6 7.
e3 O-O 8. Qc2 Qe7 9. cxd5 exd5 10. Bd3 Nbd7 11. O-O c6 12. Rae1 Re8 13. Nd2 Nb6 14.
Nb3 Be6 15. f3 a5 16. Qf2 a4 17. Nc5 a3 18. b3 Nbd7 19. Nxd7 Nxd7 20. e4 Qb4 21.
Ne2 c5 22. exd5 Bxd5 23. Nf4 Bc6 24. Bc4 b5 25. Bd5 Bxd5 26. Nxd5 Qa5 27. dxc5 Ne5 28.
c6 Nxc6 29. Rxe8+ Rxe8 30. Qc5 Ne5 31. b4 Qd8 32. h3 Nc4 33. Qxb5 Nd6 34. Qc6 Nf5 35.
Rd1 Rf8 36. g4 Nh4 37. Kf2 Qg5 38. f4 Qd8 39. Kg3 Ng6 40. f5 Qh4+ 41. Kg2 Ne5 42. Qd6 Nc4 43. Ne7+ Kh7 44. Qd3 Ne5 45. Qe4 Qxe7 46.
f6+ Kg8 47. fxe7 Re8 48. Qxe5 f6 49. Qe6+ Kh7 50. Rd8 Rxe7 51. Qxe7 Kg6 52. Rd7 Kg5 53. Qxg7+ Kh4 54. Qxf6# 1-0

[Event "Early-Titled-Tuesday-Blitz-February-06-2024"]
[Site "Chess.com"]
[Date "2024.02.06"]
[Round "8"]
[White "Crazy_girl99"]
[Black "Eloist"]
[Result "1-0"]
[WhiteElo "2605"]
[BlackElo "2425"]
[TimeControl "180+1"]
[EndTime "9:29:06 PST"]
[Termination "Crazy_girl99 won by checkmate"]

1. e4 e6 2. d4 d5 3. e5 c5 4. c3 Qb6 5. Nf3 Bd7 6. a3 Bb5 7.
Be2 Bxe2 8. Qxe2 Qa6 9. Be3 Qxe2+ 10. Kxe2 c4 11. Nbd2 Ne7 12. b3 cxb3 13. Rab1 Nbc6 14. Rxb3 Na5 15. Rb5 Nec6 16. Rhb1 a6 17. Rb6 Bxa3 18. Nb3 Be7 19. Bg5 f6 20. exf6 gxf6 21. Nxa5 Nxa5 22.
Bf4 Kf7 23. Ra1 Bd8 24. Rd6 Ke7 25. Rxd8 Rhxd8 26. Rxa5 Rdc8 27. Kd3 Rc4 28. Nd2 Rc6 29. Nb3 b6 30. Ra2 a5 31. Bd2 Rg8 32. g3 h5 33. Na1 h4 34. Nc2 h3 35. Ne3 Kd6 36. f4 Rgc8 37. g4 Ra8 38. Bc1 b5 39. Ba3+ Kd7 40.
Bc5 a4 41. f5 exf5 42. gxf5 Rg8 43. Re2 Rg1 44. Nxd5 Rg2 45. Re7+ Kd8 46. Rh7 Rxh2 47. Be7+ Kc8 48. Bxf6 a3 49. Ne7+ Kb7 50. Nxc6+ Kxc6 51. Be5 a2 52. Ra7 Rf2 53. Ke4 h2 54. d5+ Kb6 55. Bd4# 1-0